 Dungeon Crawl Stone Soup version 0.29.0-11-gd7f09526c8 (webtiles) character file.

Game seed: 11106988150421240772

5556 Zeldest the Thaumaturge (level 11, 81/81 HPs)
             Began as a Djinni Venom Mage on Sept 4, 2022.
             Was a Believer of Makhleb.
             Quit the game on level 8 of the Dungeon.
             The game lasted 00:17:37 (10970 turns).

Zeldest the Thaumaturge (Djinni Venom Mage)        Turns: 10970, Time: 00:17:38

Health: 81/81      AC:  3    Str:  7    XL:     11   Next: 2%
Gold:   509        EV: 31    Int: 22    God:    Makhleb [**....] SH:  0 Dex: 13

rFire   + + .      SeeInvis .   f - +2 dagger (venom)
rCold   x . .      Faith    .   (no shield)
rNeg    . . .      Spirit   .   a - +0 robe
rPois   ∞          Reflect  .   (no helmet)
rElec   .          Harm     .   m - +0 cloak
rCorr   .          Rampage  .   (no gloves)
Will    +....                   (boots unavailable)
Stlth   ++........              i - amulet of the acrobat
HPRegen 0.23/turn               w - +4 ring of evasion
MPRegen 0.00/turn               (no ring)

@: acrobatic, flying
A: sickness immunity, fire resistance 2, cold vulnerability 1, float, innate
caster, HP casting, extra vitality 1
a: Renounce Religion, Minor Destruction


You were on level 8 of the Dungeon.
You worshipped Makhleb.
Makhleb was pleased with you.
You visited 2 branches of the dungeon, and saw 9 of its levels.
You also visited: Ossuary.

You collected 509 gold pieces.

Inventory:

Hand Weapons
 f - a +2 dagger of venom (weapon)
Armour
 a - a +0 robe (worn)
 m - a +0 cloak (worn)
Jewellery
 i - an amulet of the acrobat (around neck)
 w - a +4 ring of evasion (left hand)
Wands
 c - a wand of flame (7)
 u - a wand of digging (10)
Scrolls
 b - a scroll of enchant armour
 d - a scroll of brand weapon
 g - a scroll of fear {unknown}
 h - 2 scrolls of torment
 j - a scroll of blinking {unknown}
 k - 4 scrolls of magic mapping {unknown}
 n - 3 scrolls of fog {unknown}
 q - 9 scrolls of teleportation {unknown}
 t - a scroll of silence {unknown}
 x - a scroll of summoning {unknown}
 B - 2 scrolls of vulnerability {unknown}
Potions
 l - 5 potions of curing
 o - 3 potions of mutation
 p - 4 potions of brilliance
 r - a potion of might
 s - 3 potions of attraction
 z - a potion of haste
 A - a potion of lignification


   Skills:
 + Level 8.0 Fighting
 - Level 2.1 Dodging
 - Level 1.5 Stealth
 * Level 9.2 Spellcasting
 + Level 7.0 Invocations


You had 4 spell levels left.
You knew the following spells:

 Your Spells              Type           Power      Damage    Failure   Level
a - Foxfire               Conj/Fire      100%       2x1d9     1%          1
b - Poisonous Vapours     Pois/Air       100%       N/A       1%          2
c - Mephitic Cloud        Conj/Pois/Air  50%        N/A       1%          3
d - Olgreb's Toxic Radia  Pois           50%        N/A       1%          4
e - Sting                 Tmut/Pois      100%       1d8       1%          1
f - Searing Ray           Conj           100%       2d8       1%          2
g - Confusing Touch       Hex            50%        N/A       1%          3
h - Animate Dead          Necr           50%        N/A       1%          4
i - Ice Form              Ice/Tmut       50%        N/A       1%          4
Your spell library was empty.

Dungeon Overview and Level Annotations

Branches:
Dungeon (8/15)             Temple (1/1) D:4            Lair (0/5) D:8
Ossuary (visited)

Altars:
Ashenzari
Cheibriados
Dithmenos
Elyvilon
Fedhas
Gozag
Makhleb
Nemelex Xobeh
Okawaru
Qazlal
Wu Jian
Xom
Yredelemnul
Zin
The Shining One

Annotations:
D:8 1 runed translucent door, Arex's ghost, novice GrMo


Innate Abilities, Weirdness & Mutations

You are immune to sickness and miasma.
You are immune to poison.
Your flesh is very heat resistant. (rF++)
You are vulnerable to cold. (rC-)
You float through the air rather than walking.
You learn spells naturally, not from books.
Your magical power is your life essence.
You have superior vitality. (+4 MHP)


Message History

Confirm with . or Enter, or press ? or * to list all spells.
You conjure some foxfire!
You kill the hornet!
Makhleb accepts your kill.
You feel better.
Your Fighting skill increases to level 8!
Your Invocations skill increases to level 7!
You have reached level 11!
The power to cast Ice Form wells up from within.
Spell assigned to 'i'.
You start resting.
Your foxfire dissipates! x2
There is an open door here.
HP restored.
There is an open door here.
There is an open door here.
There is an open door here.
There is an open door here.
There is an open door here.
You now have 509 gold pieces (gained 9).
B - 2 scrolls labelled OMY NIERRATICA (gained 1)
There is an open door here.
There is an open door here.
There is a stone staircase leading down here.
There is an open door here.
You reach down and open the door.
There is an open door here.
There is an open door here.
There is an open door here.
There is an open door here.
There is an open door here.
There is a stone staircase leading down here.
The polar bear growls angrily.
You hear a shout!
The black bear growls angrily.
You hear a shout!
The spriggan shouts!
Could not explore, unopened runed door.
Casting: Foxfire (safe; 1% risk of failure)
Confirm with . or Enter, or press ? or * to list all spells.
Okay, then.
Are you sure you want to abandon this character and quit the game? (Confirm with "yes".)

# #...#...........# #...##.#.#
###...#########'#)###...##.#.#
..+)..'.........#..<.....#.#.#
###...##########...##.##.#.#.####
......................#....#.##..
.############...#####....###.#..#
...........##....####.#.ZZZZ.Z.##
....######..........#.####....##!
....# #######8.@.8#### #...##..
....# #..#♣:###+###.♣ #..##...
....# #.##♣.♣♣♣♣hih.♣ #.#####'
....## #.# ♣♣ ♣.W.♣♣ #.......
#....###.### !..♣♣ #######.
####.....#.# .♣♣♣. ## #####.#.#
.i ♣♣ ########## #.#.#
####.........
#>#.##########.##.........


You could see a polar bear, a black bear, a spriggan and Arex's ghost.

Vanquished Creatures
  2 death yaks (D:8)
  A two-headed ogre (D:8)
  A death yak zombie (D:8)
  A troll (D:8)
  A hornet (D:8)
  A steam dragon (D:7)
  Duvessa (D:7)
  An ice beast (D:5)
  A water moccasin (D:7)
  A phantom (D:6)
  4 centaurs
  A kobold brigand (D:7)
  5 bullfrogs
  A water moccasin zombie (Ossuary)
  3 scorpions
  7 wights
  Dowan (D:7)
  6 centaur zombies (Ossuary)
  A bullfrog zombie (Ossuary)
  6 hounds
  2 jellies (D:5)
  Crazy Yiuf (D:2)
  2 orc priests (D:7)
  3 iguanas
  2 orc wizards (D:4)
  A scorpion zombie (Ossuary)
  A mummy (D:8)
  7 adders
  A river rat (D:8)
  A white imp (D:5)
  2 adder zombies (Ossuary)
  2 worms
  4 dart slugs
  14 orcs
  9 ball pythons
  3 bats
  11 endoplasms
  2 giant cockroaches
  9 hobgoblins
  7 quokkas
  3 frilled lizards
  2 gnoll zombies (Ossuary)
  4 goblins
  6 goblin zombies (Ossuary)
  3 hobgoblin zombies (Ossuary)
  12 kobolds
  4 orc zombies (Ossuary)
  14 rats
  A rat zombie (D:8)
179 creatures vanquished.

Vanquished Creatures (collateral kills)
  A death yak (D:8)
  A wight (D:8)
  An iguana (D:7)
  A rat (D:8)
4 creatures vanquished.

Vanquished Creatures (others)
  A two-headed ogre zombie (D:8)
  An elf zombie (D:7)
  An orc zombie (D:7)
  441 foxfires
  2 fungi (D:8)
  4 plants (D:8)
450 creatures vanquished.

Grand Total: 633 creatures vanquished

Notes
Turn   | Place    | Note
-------+----------+-------------------------------------------
     0 | D:1      | Zeldest the Djinni Venom Mage began the quest for the Orb.
     0 | D:1      | Zeldest set off with the following spells memorised: Sting,
                  | Poisonous Vapours, Mephitic Cloud, Olgreb's Toxic Radiance.
     0 | D:1      | Reached XP level 1. HP: 15/15 MP: 0/0
    83 | D:1      | Reached XP level 2. HP: 13/22 MP: 0/0
   577 | D:1      | Reached skill level 1 in Fighting
  1011 | D:1      | Reached XP level 3. HP: 24/27 MP: 0/0
  1011 | D:1      | Learned a level 1 spell: Foxfire
  1102 | D:1      | Reached skill level 3 in Spellcasting
  2008 | D:2      | Found a runed translucent door.
  2009 | D:2      | Noticed Crazy Yiuf
  2070 | D:2      | Reached XP level 4. HP: 25/32 MP: 0/0
  2082 | D:2      | Noticed a shining eye
  2296 | D:2      | Noticed a golden eye
  2298 | D:2      | Found a faded altar of an unknown god.
  2300 | D:2      | Noticed a shining eye
  2382 | D:2      | Noticed a floating eye
  2791 | D:2      | Paralysed by you for 5 turns
  2805 | D:2      | Killed Crazy Yiuf
  2806 | D:2      | Reached XP level 5. HP: 6/39 MP: 0/0
  2806 | D:2      | Learned a level 2 spell: Searing Ray
  3268 | D:3      | Reached skill level 4 in Spellcasting
  3758 | D:4      | Reached XP level 6. HP: 37/45 MP: 0/0
  4282 | D:4      | Found a staircase to the Ecumenical Temple.
  4301 | Temple   | Entered the Ecumenical Temple
  4312 | Temple   | Became a worshipper of Makhleb the Destroyer
  4337 | D:5      | Entered Level 5 of the Dungeon
  4347 | D:5      | Reached XP level 7. HP: 40/50 MP: 0/0
  4347 | D:5      | Learned a level 3 spell: Confusing Touch
  4702 | D:5      | Reached skill level 5 in Spellcasting
  4702 | D:5      | Reached skill level 1 in Invocations
  5104 | D:5      | Reached XP level 8. HP: 32/58 MP: 0/0
  6729 | D:7      | Reached skill level 6 in Spellcasting
  7111 | D:7      | Reached skill level 5 in Fighting
  7230 | D:7      | Reached XP level 9. HP: 22/65 MP: 0/0
  7230 | D:7      | Learned a level 4 spell: Animate Dead
  7390 | D:7      | Noticed Dowan
  7399 | D:7      | Killed Dowan
  7534 | D:7      | Noticed Duvessa
  7565 | D:7      | Killed Duvessa
  7884 | D:7      | Your ally Duvessa died
  8039 | D:7      | Reached skill level 7 in Spellcasting
  8158 | D:8      | Noticed a troll
  8167 | D:8      | Killed a troll
  8480 | D:8      | Found a sand-covered staircase.
  8484 | D:8      | Reached * piety under Makhleb
  8489 | Ossuary  | Entered an ossuary
  8849 | Ossuary  | Reached skill level 5 in Invocations
  9263 | Ossuary  | Noticed a silent spectre
  9318 | D:8      | Noticed a two-headed ogre
  9331 | D:8      | Killed a two-headed ogre
  9332 | D:8      | Reached skill level 8 in Spellcasting
  9332 | D:8      | Reached XP level 10. HP: 51/73 MP: 0/0
  9567 | D:8      | Found a runed translucent door.
  9570 | D:8      | Identified the +4 trident "Boha" {flame, *Rage Fragile
                  | rElec Int+9}
  9572 | D:8      | Noticed Arex's ghost (novice GrMo)
  9641 | D:8      | Reached ** piety under Makhleb
  9642 | D:8      | Noticed a death yak
  9642 | D:8      | Noticed a death yak
  9644 | D:8      | Noticed a death yak
  9660 | D:8      | Killed a death yak
  9664 | D:8      | Killed a death yak
  9668 | D:8      | Killed a death yak
  9669 | D:8      | Reached skill level 9 in Spellcasting
 10169 | D:8      | Found a staircase to the Lair.
 10675 | D:8      | Reached XP level 11. HP: 78/81 MP: 0/0
 10675 | D:8      | Learned a level 4 spell: Ice Form
 10970 | D:8      | Quit the game

Illustrated notes

Levels and vault maps discovered:
D:1:      minmay_arrival_semitransparent, layout_loops_ring
D:2:      layout_basic, hellmonk_ecumenical_altar_watching_god,
          uniq_crazy_yiuf_cottage
D:3:      layout_rooms, kennysheep_generic_room_13
D:4:      layout_rooms, minmay_temple_entry_trees
D:5:      layout_loops_ring, eino_tiny_chamber, solitary_fountain
D:6:      layout_loops_ring
D:7:      layout_basic, uniq_duvessa
D:8:      layout_basic, dpeg_lair_monsters, ebering_ghost_funeral_grove,
          gup_ossuary_entry_pyramid, lemuel_flamethrower_2
Temple:   sentei_temple_godly_chess

Skill      XL: |  1  2  3  4  5  6  7  8  9 10 |
---------------+-------------------------------+-----
Fighting       | 1 2 3 4 5 6 8 |  8.0
Spellcasting   | 3 4 5 6 8 9 |  9.2
Invocations    | 2 3 5 7 |  7.0
Dodging        | |  2.1
Stealth        | |  1.5

Action                   |  1- 3 |  4- 6 |  7- 9 | 10-12 || total
-------------------------+-------+-------+-------+-------++-------
Melee: Unarmed           |     4 |       |       |       ||     4
       Dagger            |    24 |    27 |   111 |     3 ||   165
       Punch             |       |       |     2 |       ||     2
 Cast: Sting             |    14 |       |       |       ||    14
       Poisonous Vapours |    22 |     7 |    23 |     2 ||    54
       Foxfire           |    37 |    97 |   122 |    23 ||   279
       Mephitic Cloud    |       |     1 |     5 |       ||     6
       Searing Ray       |       |     3 |    16 |     8 ||    27
       Confusing Touch   |       |       |     3 |       ||     3
       Olgreb's Toxic Ra |       |       |     9 |     4 ||    13
       Animate Dead      |       |       |     4 |     1 ||     5
  Use: Scroll            |       |       |    11 |     2 ||    13
 Stab: Sleeping          |     1 |       |     1 |       ||     2
       Confused          |       |       |     3 |       ||     3
Armor: Robe              |     5 |     1 |    46 |       ||    52
Dodge: Dodged            |    24 |    29 |   172 |    16 ||   241
